 Dungeon Crawl Stone Soup version 0.30.1 (webtiles) character file.

Game seed: 6671211587310905496

67 Fodor the Trooper (level 3, 0/34 HPs)
             Began as a Minotaur Fighter on July 8, 2023.
             Slain by a gnoll
             ... wielding a +0 halberd
              (3 damage)
             ... on level 2 of the Dungeon.
             The game lasted 00:05:01 (1024 turns).

Fodor the Trooper (Minotaur Fighter)                Turns: 1024, Time: 00:05:02

Health: 0/34       AC:  9    Str: 22    XL:     3   Next: 98%
Magic:  2/2        EV:  8    Int:  5    God:
Gold:   77         SH:  4    Dex:  9    Spells: 2/2 levels left

rFire   + . .        a - +0 long sword
rCold   . . .        c - +0 buckler
rNeg    . . .        h - +0 chain mail
rPois   .            (helmet restricted)
rElec   .            (no cloak)
rCorr   .            (no gloves)
SInv    +            (no boots)
Will    .....        n - amulet of the acrobat Stlth
                     j - ring of protection from fire
HPRegen 0.25/turn    l - ring of see invisible
MPRegen 0.08/turn

%: acrobat
@: no status effects
A: horns 2, retaliatory headbutt
a: no special abilities


You were on level 2 of the Dungeon.
You visited 1 branch of the dungeon, and saw 2 of its levels.

You collected 77 gold pieces.

Inventory:

Hand Weapons
 a - a +0 long sword (weapon)
Armour
 c - a +0 buckler (worn)
 h - a +0 chain mail (worn)
Jewellery
 j - a ring of protection from fire (left hand)
 l - a ring of see invisible (right hand)
 n - an amulet of the acrobat (around neck)
Scrolls
 b - a scroll of vulnerability {unknown}
 e - a scroll of fear {unknown}
 f - a scroll of enchant weapon {unknown}
 k - 2 scrolls of identify {unknown}
 m - a scroll of poison {unknown}
Potions
 d - a potion of might
 g - 2 potions of heal wounds {unknown}
 i - a potion of curing {unknown}


   Skills:
 + Level 4.5 Fighting
 + Level 3.6 Long Blades
 + Level 4.1 Armour
 + Level 4.0 Shields


You had 2 spell levels left.
You didn't know any spells.
Your spell library contained the following spells:

 Spells                   Type           Power      Damage    Failure   Level
 Dazzling Flash           Conj/Hex       0%         N/A       100%        3
 Volatile Blastmotes      Fire/Tloc      0%         2d10      100%        3
 Iskenderun's Mystic Bla  Conj/Tloc      0%         2d3       100%        4
 Starburst                Conj/Fire      0%         6d3       100%        6


Dungeon Overview and Level Annotations

Branches:
Dungeon (2/15)

Altars:


Innate Abilities, Weirdness & Mutations

You have a pair of horns on your head.
You reflexively headbutt those who attack you in melee.


Message History

The gnoll hits you from afar with a +0 halberd.
You hit the gnoll.
You kill the gnoll!
The gnoll closely misses you. The gnoll hits you but does no damage.
You block the gnoll's attack.
You barely miss the gnoll. The gnoll hits you with a +0 whip.
The gnoll hits you from afar with a +0 halberd.
You closely miss the gnoll. The gnoll hits you but does no damage.
You block the gnoll's attack.
You barely miss the gnoll. You block the gnoll's attack.
The gnoll closely misses you. You block the gnoll's attack.
The gnoll completely misses you.
You hit the gnoll.
The gnoll is heavily wounded.
The gnoll barely misses you. The gnoll hits you but does no damage.
You hit the gnoll.
The gnoll is heavily wounded.
The gnoll hits you with a +0 whip. The gnoll barely misses you.
You slash the gnoll!
You kill the gnoll!
The gnoll hits you from afar with a +0 halberd.
The gnoll completely misses you.
Items here: )) ††.
You block the gnoll's attack. The gnoll closely misses you.
You block the gnoll's attack.
You barely miss the gnoll. You block the gnoll's attack.
You barely miss the gnoll. The gnoll closely misses you.
The gnoll hits you with a +0 halberd.
You barely miss the gnoll. Your headbutt misses the gnoll.
The gnoll hits you with a +0 halberd!
You hit the gnoll.
The gnoll is lightly wounded.
The gnoll barely misses you.
You hit the gnoll.
The gnoll is heavily wounded.
The gnoll hits you with a +0 halberd!
* * * LOW HITPOINT WARNING * * *
The gnoll hits you with a +0 halberd.
You die...

####..#####..
##..<..######.
##.###......(..
##.##
##)#####..
###)##
##..####..
#...#
#.........
#.#.#
##..######
#g##.# #.... ..
#@# #.#
#.######## #.#
#...# #.# #.#
#.# #># #.# # #
#.# #.# #.. ###


You could see a gnoll.

Vanquished Creatures
  2 gnolls (D:2)
  An adder (D:2)
  3 dart slugs (D:1)
  5 endoplasms
  2 goblins (D:1)
  5 hobgoblins
  5 kobolds
  2 quokkas
  3 ball pythons (D:1)
  A frilled lizard (D:1)
29 creatures vanquished.

Notes
Turn   | Place    | Note
-------+----------+-------------------------------------------
     0 | D:1      | Fodor the Minotaur Fighter began the quest for the Orb.
     0 | D:1      | Reached XP level 1. HP: 19/19 MP: 0/0
   203 | D:1      | Reached XP level 2. HP: 27/27 MP: 1/1
   664 | D:1      | Reached XP level 3. HP: 31/33 MP: 2/2
  1024 | D:2      | Slain by a gnoll

Illustrated notes

Levels and vault maps discovered:
D:1:      ebering_trefoil_twist, layout_basic
D:2:      layout_loops_ring, shapermc_ecumenical_altar_flowoftime,
          dk_vineyard_2, minmay_hexomino_u4

Skill      XL: |  1  2  3 |
---------------+----------+-----
Fighting       | 4 |  4.5
Shields        | 4 |  4.0
Armour         | 4 |  4.1
Long Blades    | 3 |  3.6

Action                     || total
---------------------------++-------
  Melee: Long sword        ||    76
         Headbutt          ||    11
 Armour: Chain mail        ||    34
         Scale mail        ||     4
  Dodge: Dodged            ||    38
  Block: Buckler           ||    24
